 Dungeon Crawl Stone Soup version 0.18.1-48-g4cf74bf (webtiles) character file.

19665 Gargoyl the Protected (level 12, 0/97 HPs)
             Began as a Demonspawn Abyssal Knight on Sept 10, 2016.
             Was the Champion of Lugonu.
             Succumbed to a black mamba's poison
             ... on level 4 of the Lair of Beasts.
             The game lasted 00:36:09 (19383 turns).

Gargoyl the Protected (Demonspawn Abyssal Knight)  Turns: 19383, Time: 00:36:10

Health: 0/97       AC: 22    Str: 20    XL:     12   Next: 38%
Magic:  15/15      EV:  9    Int: 19    God:    Lugonu [******]
Gold:   232        SH:  0    Dex: 17    Spells: 0 memorised, 11 levels left

rFire  + + .     SeeInvis .     k - +3 war axe (chop)
rCold  + + .     Gourm    .     d - +7 plate armour of Limited Liability {Dex+2}
rNeg   + . .     Faith    .     (no shield)
rPois  +         Spirit   .     (no helmet)
rElec  +         Dismiss  .     (no cloak)
rCorr  +         Reflect  .     (no gloves)
SustAt .         Harm     .     (boots unavailable)
MR     .....                    (no amulet)
Stlth  ..........               J - +3 ring of strength
                                a - ring of positive energy

@: brilliant, lethally poisoned (0 -> -7), resistant, flying, not resistant to
hostile enchantments, extremely unstealthy
A: hooves 3, agile 1, cold resistance 1, fire resistance 1, powered by pain 1,
wild magic 1, flame cloud immunity, sturdy frame 1
a: Depart the Abyss, Bend Space, Banish, Corrupt, Enter the Abyss, Brand Weapon
With Distortion, Renounce Religion


You were on level 4 of the Lair of Beasts.
You worshipped Lugonu.
Lugonu was exalted by your worship.
You were hungry.

You visited 2 branches of the dungeon, and saw 15 of its levels.
You visited the Abyss 1 time.

You collected 652 gold pieces.
You spent 420 gold pieces at shops.

Inventory:

Hand Weapons
 i - a +0 war axe of freezing
 k - a +3 war axe of chopping (weapon)
Missiles
 u - 9 tomahawks (quivered)
 B - 3 exploding tomahawks
Armour
 d - the +7 plate armour of Limited Liability (worn) {Dex+2}
   (You found it on level 2 of the Abyss)

   It affects your dexterity (+2).
Jewellery
 a - a ring of positive energy (left hand)
 w - an uncursed ring of sustain attributes
 H - an uncursed ring of poison resistance
 J - a +3 ring of strength (right hand)
Wands
 j - a wand of polymorph (11/24)
 q - a wand of lightning (7/15)
 y - a wand of slowing (20/48)
 A - a wand of enslavement (12/24)
 C - a wand of confusion (27/48)
 G - a wand of digging (15/24)
 L - a wand of teleportation (6/9)
 M - a wand of lightning (9/15)
Scrolls
 e - 2 scrolls of magic mapping
 g - 8 scrolls of identify
 h - 2 scrolls of fear
 m - 12 scrolls of remove curse
 r - 2 scrolls of recharging
 t - 6 scrolls of amnesia
 E - a scroll of enchant armour
Potions
 o - a potion of brilliance
Books
 D - a Young Poisoner's Handbook

   Spells                             Type                      Level
   a - Sting                          Conjuration/Poison           1
   b - Cure Poison                    Poison                       2
   c - Mephitic Cloud                 Conjuration/Poison/Air       3
   d - Olgreb's Toxic Radiance        Poison                       4
   e - Venom Bolt                     Conjuration/Poison           5
 N - a book of the Dragon

   Spells                             Type                      Level
   a - Flame Tongue                   Conjuration/Fire             1
   b - Cause Fear                     Hexes                        4
   c - Bolt of Fire                   Conjuration/Fire             6
   d - Dragon Form                    Transmutation                7
   e - Dragon's Call                  Summoning                    9
Comestibles
 b - 5 beef jerkies
 c - 9 bread rations
 l - 3 meat rations
 p - 5 fruits
 I - 5 slices of pizza
 K - a royal jelly


   Skills:
 + Level 10.0 Fighting
 + Level 10.3 Axes
 + Level 2.3 Throwing
 * Level 12.4 Armour
 + Level 3.4 Dodging
 + Level 5.0 Invocations


You had 11 spell levels left.
You didn't know any spells.

Dungeon Overview and Level Annotations

Branches:
Dungeon (11/15)            Temple (0/1) D:6            Lair (4/8) D:8
 Spider (0/4) Lair:3
  Swamp: Lair:3-6    Shoals: Lair:3-6       Orc: D:9-12

Altars:
Cheibriados
Elyvilon
Gozag
Makhleb
Nemelex Xobeh
Okawaru
Ru
Sif Muna
Trog

Shops:
D:4 *   D:5 :   D:6 !   D:10 =

Annotations:
D:6 exclusion: oklob plant


Innate Abilities, Weirdness & Mutations

You have hooves in place of feet.
Your flesh is heat resistant.
You sometimes gain a little power by taking damage.
You are immune to clouds of flame.
Your movements are slightly less encumbered by armour (ER -2).
You are agile. (Dex +2)
Your flesh is cold resistant.
Your spells are a little harder to cast, but a little more powerful.


Message History

You feel sick.
* * * LOW HITPOINT WARNING * * *
You feel sick.
* * * LOW HITPOINT WARNING * * *
You feel sick.
* * * LOW HITPOINT WARNING * * *
You feel sick.
* * * LOW HITPOINT WARNING * * *
You feel sick.
* * * LOW HITPOINT WARNING * * *
You feel sick.
* * * LOW HITPOINT WARNING * * *
You feel sick.
* * * LOW HITPOINT WARNING * * *
You feel sick.
* * * LOW HITPOINT WARNING * * *
You feel sick.
* * * LOW HITPOINT WARNING * * *
You feel sick.
You die...

..............##### ##....##
..............# #......##
..............# #.......#
.............## #.......#
##...........# ## ##......#
####.......## #.### ##.....###
#.......# ###....# #......#.#
##.....#####......######.....#
##.....P# #..@.....# #######
##......#####..........
##........##............
....P#....##............
...###.#.###............ #.##
##...##...)........ ##.#
#.#..##............ # ##
###..##............
##.............


There were no monsters in sight!

Vanquished Creatures
  3 hill giants
  The ghost of Gargoyl the Covered, a novice DsAK of Lugonu (D:6)
  A griffon (Lair:3)
  4 elephants (Lair:3)
  A black mamba (Lair:2)
  3 spiny frogs
  4 komodo dragons
  2 trolls
  A two-headed ogre (D:9)
  2 jumping spiders (Lair:3)
  10 blink frogs
  Sigmund (D:5)
  4 redbacks (Lair:3)
  11 yaks
  2 wyverns
  A basilisk (Lair:4)
  Eustachio (D:5)
  3 hippogriffs
  The ghost of Rexou the Shooter, an amateur HEAM (D:3)
  4 water moccasins
  Duvessa (D:5)
  8 porcupines
  2 orc warriors (D:8)
  A sky beast (D:6)
  A black bear (Lair:1)
  A wasp (D:8)
  An ice beast (D:10)
  3 ogres
  A wolf (Lair:2)
  4 centaurs
  5 crocodiles
  11 giant frogs
  Dowan (D:5)
  3 scorpions (D:5)
  A giant frog zombie (D:9)
  6 crimson imps
  2 giant frog skeletons
  5 orc priests
  8 hounds
  11 jellies
  9 orc wizards
  A centaur skeleton (D:10)
  4 iguanas
  3 hell rats (Lair:1)
  9 worker ants
  16 sheep
  A hound zombie (D:5)
  2 hound skeletons
  2 worker ant zombies
  10 adders
  68 river rats
  3 shadow imps (D:8)
  13 oozes
  An adder zombie (D:5)
  2 adder skeletons (D:4)
  2 worms (D:4)
  4 giant geckos
  34 orcs
  3 ball pythons
  12 bats
  7 giant cockroaches
  8 goblins
  10 hobgoblins
  24 jackals
  8 quokkas
  A giant cockroach zombie (D:5)
  5 giant newts
  7 kobolds
  A quokka skeleton (D:5)
  A quokka zombie (D:6)
  25 rats
432 creatures vanquished.

Vanquished Creatures (collateral kills)
  An adder skeleton (D:8)
1 creature vanquished.

Vanquished Creatures (others)
  A hydra (Lair:1)
  A spiny frog (Lair:3)
  2 jumping spiders (Lair:3)
  A crimson imp (D:6)
  19 fungi
  4 plants
28 creatures vanquished.

Grand Total: 461 creatures vanquished

Notes
Turn   | Place    | Note
--------------------------------------------------------------
     0 | Abyss:1  | Gargoyl the Demonspawn Abyssal Knight began the quest for the Orb.
     0 | Abyss:1  | Reached XP level 1. HP: 18/18 MP: 2/2
     9 | Abyss:1  | Noticed an iron imp
    11 | Abyss:2  | Got a jewelled plate armour
    17 | Abyss:2  | Noticed an orc sorcerer
    17 | D:1      | Escaped the Abyss
    23 | D:1      | Identified the +7 plate armour of Limited Liability {Dex+2} (You found it on level 2 of the Abyss)
    83 | D:1      | Reached skill level 1 in Dodging
   159 | D:1      | Reached * piety under Lugonu
   189 | D:1      | Gained mutation: Your flesh is heat resistant. [demonic ancestry]
   189 | D:1      | Reached XP level 2. HP: 24/24 MP: 3/3
   793 | D:2      | Reached skill level 2 in Armour
   793 | D:2      | Reached XP level 3. HP: 23/29 MP: 5/5
  1981 | D:3      | Reached ** piety under Lugonu
  2051 | D:3      | Noticed Rexou's ghost (amateur HEAM)
  2157 | D:2      | Gained mutation: You sometimes gain a little power by taking damage. [demonic ancestry]
  2157 | D:2      | Reached XP level 4. HP: 36/37 MP: 6/6
  2170 | D:3      | Killed Rexou's ghost
  2170 | D:3      | Reached skill level 3 in Armour
  2170 | D:3      | Gained mutation: You have large cloven feet. [demonic ancestry]
  2170 | D:3      | Reached XP level 5. HP: 38/42 MP: 7/7
  2256 | D:3      | Found a white marble altar of Elyvilon.
  3323 | D:4      | Found a deep blue altar of Sif Muna.
  3357 | D:4      | Found an opulent altar of Gozag.
  3359 | D:4      | Found Gozag's Platinum Reserve.
  3474 | D:4      | Noticed an ogre
  3483 | D:4      | Killed an ogre
  3483 | D:4      | Reached skill level 4 in Armour
  3483 | D:4      | Gained mutation: You are immune to clouds of flame. [demonic ancestry]
  3483 | D:4      | Reached XP level 6. HP: 34/49 MP: 8/8
  3624 | D:4      | Reached *** piety under Lugonu
  3693 | D:4      | Found a snail-covered altar of Cheibriados.
  3819 | D:4      | Found a burning altar of Makhleb.
  3902 | D:4      | Reached XP level 7. HP: 51/55 MP: 9/9
  4324 | D:5      | Entered Level 5 of the Dungeon
  4380 | D:5      | Reached skill level 1 in Throwing
  4402 | D:5      | Noticed Sigmund
  4414 | D:5      | Killed Sigmund
  4414 | D:5      | Reached skill level 5 in Armour
  4427 | D:5      | Found Wosmej's Book Emporium.
  4538 | D:5      | Reached skill level 5 in Fighting
  4571 | D:5      | Noticed Eustachio
  4596 | D:5      | Killed Eustachio
  4596 | D:5      | Reached XP level 8. HP: 62/62 MP: 10/10
  4786 | D:5      | Found a sacrificial altar of Ru.
  4786 | D:5      | Found an iron altar of Okawaru.
  5014 | D:5      | Reached skill level 6 in Armour
  5335 | D:6      | Noticed Duvessa
  5338 | D:6      | Noticed Dowan
  5362 | D:5      | Killed Duvessa
  5362 | D:5      | Reached skill level 5 in Axes
  5364 | D:5      | Killed Dowan
  5645 | D:6      | Found Uchuxim's Distillery.
  5648 | D:6      | Bought a potion of heal wounds for 60 gold pieces
  5648 | D:6      | Bought a potion of heal wounds for 60 gold pieces
  5648 | D:6      | Bought a potion of heal wounds for 60 gold pieces
  5648 | D:6      | Bought a potion of curing for 36 gold pieces
  6017 | D:6      | Noticed Gargoyl's ghost (novice DsAK)
  6032 | D:6      | Gained mutation: You are agile. (Dex +2) [potion of mutation]
  6032 | D:6      | Gained mutation: Your flesh is cold resistant. [potion of mutation]
  6032 | D:6      | Gained mutation: Your spells are a little harder to cast, but a little more powerful. [potion of mutation]
  6049 | D:6      | Killed Gargoyl's ghost
  6049 | D:6      | Reached skill level 7 in Armour
  6049 | D:6      | Reached XP level 9. HP: 35/69 MP: 11/11
  6338 | D:6      | Found a staircase to the Ecumenical Temple.
  6689 | D:6      | Noticed an oklob plant
  6952 | D:6      | Reached **** piety under Lugonu
  7289 | D:6      | Reached skill level 8 in Armour
  7376 | D:7      | Found a bloodstained altar of Trog.
  7763 | D:8      | Reached ***** piety under Lugonu
  8074 | D:8      | Noticed a hill giant
  8086 | D:7      | HP: 3/71 [hill giant/giant club (33)]
  8100 | D:7      | Killed a hill giant
  8354 | D:8      | Gained mutation: Your movements are slightly less encumbered by armour (ER -2). [demonic ancestry]
  8354 | D:8      | Reached XP level 10. HP: 48/79 MP: 12/12
  8511 | D:8      | Found a sparkling altar of Nemelex Xobeh.
  9327 | D:8      | Found a staircase to the Lair.
  9665 | D:9      | Reached skill level 9 in Armour
  9970 | D:10     | Entered Level 10 of the Dungeon
 10007 | D:10     | Noticed a hill giant
 10027 | D:10     | Killed a hill giant
 10253 | D:10     | Found Meperchui's Jewellery Boutique.
 11154 | D:10     | Noticed a hill giant
 11163 | D:10     | Killed a hill giant
 11163 | D:10     | Reached skill level 10 in Armour
 11954 | Lair:1   | Entered Level 1 of the Lair of Beasts
 12196 | Lair:1   | Gained mutation: You have hoof-like feet. [demonic ancestry]
 12196 | Lair:1   | Reached XP level 11. HP: 82/87 MP: 13/13
 12459 | Lair:1   | Reached ****** piety under Lugonu
 13023 | Lair:1   | Noticed a five-headed hydra
 13023 | Lair:1   | Banished a five-headed hydra
 13653 | D:10     | Bought a +3 ring of strength for 204 gold pieces
 14502 | Lair:2   | Reached skill level 11 in Armour
 15854 | Lair:3   | Reached skill level 10 in Axes
 15934 | Lair:3   | HP: 3/89 [river rat (2)]
 15942 | Lair:3   | HP: 2/90 [river rat (6)]
 16339 | Lair:3   | Gained mutation: You have hooves in place of feet. [demonic ancestry]
 16339 | Lair:3   | Reached XP level 12. HP: 91/97 MP: 15/15
 16618 | Lair:3   | Found a hole to the Spider Nest.
 17238 | Lair:3   | HP: 3/97 [redback (8)]
 18116 | Lair:3   | Reached skill level 12 in Armour
 18705 | Lair:4   | Reached skill level 10 in Fighting
 18955 | Lair:4   | Reached skill level 5 in Invocations
 19379 | Lair:4   | HP: 4/97 [poisoned by a black mamba]
 19382 | Lair:4   | HP: 1/97 [poisoned by a black mamba]
 19383 | Lair:4   | Succumbed to a black mamba's poison

Skill      XL: |  1  2  3  4  5  6  7  8  9 10 11 12 |
---------------+-------------------------------------+-----
Dodging        | 1 2 3 |  3.4
Axes           | 2 3 4 5 7 8 10 | 10.3
Armour         | 2 3 4 5 7 8 10 11 12 | 12.4
Fighting       | 4 5 7 8 9 10 | 10.0
Throwing       | 1 2 |  2.3
Invocations    | 3 4 5 |  5.0

Action                   |  1- 3 |  4- 6 |  7- 9 | 10-12 || total
-------------------------+-------+-------+-------+-------++-------
Melee: Hand axe          |    38 |       |       |       ||    38
       War axe           |   134 |   156 |   420 |   917 ||  1627
       Kick              |       |    43 |   129 |   315 ||   487
Throw: Tomahawk          |       |    10 |     7 |    20 ||    37
Invok: Depart the Abyss  |     1 |       |       |       ||     1
       Banish            |       |       |     2 |     4 ||     6
  Use: Scroll            |       |    10 |     2 |    16 ||    28
       Potion            |       |     2 |    11 |    17 ||    30
  Eat: Chunk             |     4 |     6 |    14 |    16 ||    40
       Pizza             |       |       |     1 |       ||     1
       Bread ration      |       |       |       |     3 ||     3
       Fruit             |       |       |       |     9 ||     9
Armor: Plate armour      |   193 |   142 |   456 |  1035 ||  1826
       Skin              |       |       |     1 |       ||     1
Dodge: Dodged            |    37 |    45 |   140 |   550 ||   772
